 Dungeon Crawl Stone Soup version 0.17-a0-1504-gb7d9117 (webtiles) character file.

1297 Fizybubbleh the Covert (level 8, -2/52 HPs)
             Began as a Human Enchanter on July 7, 2015.
             Slain by a sky beast (5 damage)
             ... on level 4 of the Dungeon.
             The game lasted 00:29:38 (8169 turns).

Fizybubbleh the Covert (Human Enchanter)            Turns: 8169, Time: 00:29:38

Health: -2/52      AC:  5    Str:  9    XL:     8   Next: 87%
Magic:  5/11       EV: 12    Int: 18    God:
Gold:   218        SH:  0    Dex: 13    Spells: 4 memorised, 2 levels left

rFire  . . .     SeeInvis .     a - +1 dagger
rCold  . . .     Clarity  .     b - +2 robe
rNeg   . . .     SustAt   .     (no shield)
rPois  .         Gourm    .     (no helmet)
rElec  .         Spirit   .     (no cloak)
rCorr  .         Warding  .     i - +0 pair of gloves
rMut   .         Stasis   .     (no boots)
MR     .....                    (no amulet)
Stlth  ++++......               (no ring)
                                (no ring)

@: not resistant to hostile enchantments, stealthy
A: no striking features
a: no special abilities


You were on level 4 of the Dungeon.
You were hungry.

You visited 1 branch of the dungeon, and saw 5 of its levels.

You collected 218 gold pieces.

Inventory:

Hand weapons
 a - a +1 dagger (weapon)
 q - a +0 short sword
Armour
 b - a +2 robe (worn)
 i - a +0 pair of gloves (worn)
Jewellery
 p - a +3 ring of intelligence {unknown}
Magical devices
 k - a wand of slowing (18)
 y - a wand of teleportation (0)
Scrolls
 f - a scroll of remove curse
 g - a scroll of magic mapping {unknown}
 h - a scroll of identify {unknown}
 n - a scroll of enchant armour
 o - a scroll of noise {unknown}
 s - a scroll of enchant weapon {unknown}
 u - a scroll of immolation
Potions
 d - a potion of poison {unknown}
 e - 2 potions of resistance {unknown}
 j - 3 potions of degeneration {unknown}
 m - a potion of curing
 v - a potion of invisibility {unknown}
 w - 2 potions of brilliance {unknown}
 x - a potion of flight {unknown}
 z - 2 potions of might {unknown}
Books
 c - a book of Maledictions

   Spells                             Type                      Level
   a - Corona                         Hexes                        1
   b - Ensorcelled Hibernation        Hexes/Ice                    2
   c - Confuse                        Hexes                        3
   d - Tukima's Dance                 Hexes                        3
   e - Dazzling Spray                 Conjuration/Hexes            3
Comestibles
 l - 5 fruits
 t - a beef jerky


   Skills:
 - Level 1.0 Short Blades
 - Level 2.0 Dodging
 * Level 9.3 Stealth
 - Level 2.0 Spellcasting
 - Level 6.7 Hexes


You had 2 spell levels left.
You knew the following spells:

 Your Spells              Type           Power        Failure   Level  Hunger
a - Ensorcelled Hibernat  Hex/Ice        ##....       10%         2    ###....
b - Confuse               Hex            ####....     3%          3    ###....
c - Tukima's Dance        Hex            ####....     3%          3    ###....
v - Corona                Hex            ####...      1%          1    #......


Dungeon Overview and Level Annotations

Branches:
Dungeon (5/15)
 Temple: D:4-7

Altars:
Fedhas
Zin

Annotations:
D:3 exclusion: 2 downstairs
D:4 exclusion: 2 downstairs, Duvessa, Purgy


Message History

You climb upwards.
Level annotation: exclusion: 2 downstairs, Duvessa, Purgy
There is a stone staircase leading down, spattered with blood here.
You take 7 damage, and have 11/52 hp.
You can't see any susceptible monsters within range! (Use Z to cast anyway.) Unknown command.
Nothing appears to happen.
A sky beast appears from thin air!
Reactivating autopickup.
The sky beast hits you.
* * * LOW HITPOINT WARNING * * *
The sky beast shocks you.
* * * LOW HITPOINT WARNING * * *
You take 8 damage, and have 4/52 hp.
You now have 6/11 mp.
The sky beast flickers out of sight!
Deactivating autopickup; reactivate with Ctrl-A.
You can't see any susceptible monsters within range! (Use Z to cast anyway.) Nothing appears to happen.
Something hits you.
* * * LOW HITPOINT WARNING * * *
Something shocks you.
You die...

#.#...#.......### ##≈≈≈≈≈
#.###.#.........# #≈≈≈≈≈≈ #.#
#...........# ###≈≈≈≈≈≈
#.#####.........# #.'..._≈≈
#.).......#.....####.#≈≈≈≈≈≈
#########.###.....#....#≈≈≈≈≈≈
#.......#.# #.....#....##≈≈≈≈≈
#.......#.# #.....#.....######
#.....###.###@#####...........
#......<#...#.# ###...##....
#....#..###.#.# #...##....
###....).)..#.# #...##....
######........##.#######...#####.
.....'........'.>.........g......
.#####........##.[........g......
.# #........##.###############.
)#####........##........# #.


There were no monsters in sight!

Vanquished Creatures
  Pikel (D:4)
  Menkaure (D:4)
  2 ogres (D:4)
  2 slaves (D:4)
  Blork the orc (D:4)
  A scorpion (D:4)
  Dowan (D:4)
  3 hounds (D:4)
  Ijyb (D:2)
  An orc wizard (D:4)
  A worker ant (D:4)
  6 gnolls
  6 adders
  An ooze (D:1)
  An adder skeleton (D:4)
  A worm (D:4)
  2 giant geckos
  4 orcs (D:4)
  5 bats
  8 giant cockroaches
  11 hobgoblins
  9 jackals
  8 kobolds
  A quokka (D:2)
  2 ball pythons
  A giant newt (D:4)
  5 goblins
  10 rats
96 creatures vanquished.

Vanquished Creatures (others)
  2 slaves (D:4)
  A worker ant (D:4)
3 creatures vanquished.

Grand Total: 99 creatures vanquished

Notes
Turn   | Place    | Note
--------------------------------------------------------------
     0 | D:1      | Fizybubbleh the Human Enchanter began the quest for the Orb.
     0 | D:1      | Reached XP level 1. HP: 13/13 MP: 3/3
    86 | D:1      | Reached XP level 2. HP: 17/19 MP: 5/5
    90 | D:1      | Learned a level 2 spell: Ensorcelled Hibernation
   535 | D:1      | Reached skill level 4 in Hexes
   535 | D:1      | Reached XP level 3. HP: 22/24 MP: 3/6
  1585 | D:2      | Reached XP level 4. HP: 17/30 MP: 2/7
  1716 | D:2      | Noticed Ijyb
  1738 | D:2      | Killed Ijyb
  1738 | D:2      | Reached skill level 5 in Hexes
  2095 | D:2      | Found a blossoming altar of Fedhas.
  2337 | D:3      | Reached XP level 5. HP: 35/35 MP: 8/8
  2949 | D:4      | Noticed an ogre
  3010 | D:4      | Killed an ogre
  3010 | D:4      | Reached skill level 6 in Hexes
  3010 | D:4      | Reached XP level 6. HP: 26/41 MP: 0/9
  3098 | D:4      | Learned a level 3 spell: Confuse
  3102 | D:4      | Learned a level 3 spell: Tukima's Dance
  3199 | D:4      | Noticed Pikel
  3199 | D:4      | Noticed a slave
  3199 | D:4      | Noticed a slave
  3200 | D:4      | Noticed a slave
  3202 | D:4      | Noticed a slave
  3605 | D:4      | Noticed Duvessa
  3605 | D:4      | Noticed Dowan
  4058 | D:4      | Noticed Purgy
  4242 | D:4      | Noticed Menkaure
  4966 | D:4      | Noticed Blork the orc
  4985 | D:4      | Killed Blork the orc
  4985 | D:4      | Reached XP level 7. HP: 23/46 MP: 3/10
  5251 | D:4      | Reached skill level 5 in Stealth
  5831 | D:4      | Killed Menkaure
  5883 | D:4      | Found a glowing silver altar of Zin.
  6271 | D:4      | Killed a slave
  6400 | D:4      | Killed a slave
  6402 | D:4      | Killed Pikel
  6402 | D:4      | Reached skill level 8 in Stealth
  6402 | D:4      | Reached XP level 8. HP: 31/52 MP: 6/11
  6854 | D:4      | Reached skill level 9 in Stealth
  6909 | D:4      | Killed a freed slave
  7206 | D:4      | Found a glowing silver altar of Zin.
  7224 | D:5      | Entered Level 5 of the Dungeon
  7376 | D:4      | Killed Dowan
  7667 | D:4      | Killed a freed slave
  8169 | D:4      | Slain by a sky beast

Vault maps used:
D:1:      minmay_arrival_four_loops, serial_bayou_lagoon_a
D:2:      fedhas_altar_fruit_tree, uniq_iyjb
D:4:      zin_treasury, kennysheep_flooded_box, uniq_pikel, uniq_menkaure,
          uniq_blork_the_orc, uniq_purgy, uniq_duvessa
D:5:      makhleb_grotto_becter, first_bread

Action                   |  1- 3 |  4- 6 |  7- 9 || total
-------------------------+-------+-------+-------++-------
Melee: Dagger            |   101 |   155 |    93 ||   349
 Cast: Ensorcelled Hiber |    14 |    62 |    63 ||   139
       Tukima's Dance    |       |     1 |       ||     1
       Confuse           |       |       |     6 ||     6
       Corona            |       |       |     4 ||     4
Evoke: Wand              |       |     1 |     3 ||     4
  Use: Scroll            |       |     7 |     1 ||     8
       Potion            |       |     1 |       ||     1
 Stab: Sleeping          |    17 |    33 |    17 ||    67
       Confused          |       |       |     7 ||     7
  Eat: Chunk             |     3 |     5 |     5 ||    13
       Fruit             |       |     1 |     2 ||     3
       Beef jerky        |       |     1 |     1 ||     2
       Bread ration      |       |     2 |     1 ||     3
       Pizza             |       |       |     1 ||     1
